 Dungeon Crawl Stone Soup version 0.29.0-4-gdea44cf6ec (webtiles) character file.

Game seed: 8274846019848866216

32 qw the Sneak (level 3, -2/28 HPs)
             Began as a Ghoul Enchanter on Sept 5, 2022.
             Slain by an orc
             ... wielding a +0 flail
              (4 damage)
             ... on level 2 of the Dungeon.
             The game lasted 00:00:53 (2013 turns).

qw the Sneak (Ghoul Enchanter)                      Turns: 2013, Time: 00:00:54

Health: -2/28      AC: 10    Str: 13    XL:     3   Next: 25%
Magic:  4/4        EV:  2    Int: 10    God:
Gold:   104        SH:  2    Dex:  9    Spells: 5/5 levels left

rFire   . . .      SeeInvis .     - Unarmed
rCold   + . .      Faith    .   h - +0 buckler
rNeg    + + +      Spirit   .   i - +0 plate armour
rPois   inf        Reflect  .   (no helmet)
rElec   .          Harm     .   (no cloak)
rCorr   .          Rampage  .   (no gloves)
Will    .....                   (no boots)
Stlth   ..........              (no amulet)
HPRegen 0.00/turn               (no ring)
MPRegen 0.09/turn               (no ring)

@: inhibited regen
A: claws 1, cold resistance 1, negative energy resistance 3, inhibited
regeneration, torment resistance 2, devour on kill
a: no special abilities


You were on level 2 of the Dungeon.
You visited 1 branch of the dungeon, and saw 3 of its levels.

You collected 104 gold pieces.


Innate Abilities, Weirdness & Mutations

You are immune to poison.
You have sharp fingernails.
Your flesh is cold resistant. (rC+)
You are immune to negative energy. (rN+++)
You do not regenerate when monsters are visible.
You are immune to unholy pain and torment.
You thrive by killing the living.


   Skills:
 - Level 1.0 Fighting
 - Level 0.8 Short Blades
 - Level 1.7 Dodging
 - Level 3.2 Stealth
 + Level 2.7 Unarmed Combat
 - Level 1.7 Spellcasting
 - Level 2.4 Hexes


You had 5 spell levels left.
You didn't know any spells.
Your spell library contained the following spells:

 Spells                   Type           Power      Damage    Failure   Level
 Ensorcelled Hibernation  Hex/Ice        6%         N/A       100%        2
 Confusing Touch          Hex            5%         N/A       100%        3
 Dazzling Flash           Conj/Hex       6%         N/A       100%        3
 Tukima's Dance           Hex            5%         N/A       100%        3

Inventory:

Armour
 h - a +0 buckler (worn)
 i - a +0 plate armour (worn)
Scrolls
 f - a scroll of identify
Potions
 c - a potion of heal wounds {unknown}

Dungeon Overview and Level Annotations

Branches:
Dungeon (3/15)

Altars:


Message History

b - a potion of degeneration;
1990 ||| IDENTIFYING cyan potion Done exploring.
1991 ||| DROPPING potion of degeneration.
You drop a potion of degeneration.
Done exploring.
(D) Dungeon
Where to? (* - list waypoints, Enter - D:2, ? - help)
What level of the Dungeon? (default 1, ? - help)
You see here 6 stones.
There is a stone staircase leading down here.
You climb downwards.
The orc shouts! x3; The orc priest shouts!
Found four items.
Found a stone staircase leading down.
There is a stone staircase leading up here.
There are monsters nearby!
Existing waypoints: (1) D:2 (2) D:1 Assign waypoint to what number? (0-9, D - delete waypoint) Waypoint 2 re-assigned from D:1 to D:3.
2008 ||| STAIRDANCE The orc hits you with a +0 trident!
The orc hits you with a +0 flail. The orc hits you but does no damage.
You climb upwards.
There is a stone staircase leading down here.
You scratch the orc.
The orc is severely wounded.
The orc hits you but does no damage. The orc hits you with a +0 flail.
The orc hits you but does no damage.
You barely miss the orc.
The orc is severely wounded.
The orc hits you with a +0 trident. The orc barely misses you.
The orc hits you but does no damage.
You scratch the orc but do no damage.
The orc is severely wounded.
You block the orc's attack. The orc hits you with a +0 flail!
The orc hits you but does no damage.
You barely miss the orc.
The orc is severely wounded.
The orc hits you with a +0 trident. The orc hits you with a +0 flail.
You die...

..##.#...#..# #............#
..##.#.###..# #.#..#.#.#.#.#
..##.#......####....[...#.#.#
..##.######....)..#...<.#.#.#
......#
######....#.#.#P#.#####
.####.# #.#.#..#.......... .#
#.# #.....###P7..##### .# #.#
#oo...###^...# .# #.########
#@o..........# .# #........#
###.#.###...## .#
########.#####.#.# ##.## ##
#.........# #.# #######.###
#.# #.# #.## #.# #..# #.#
##.# #.#######.#


You could see 3 orcs.

Vanquished Creatures
  A worm (D:2)
  A dart slug (D:1)
  4 bats
  2 endoplasms
  5 hobgoblins
  3 quokkas (D:2)
  3 ball pythons
  A goblin (D:2)
  3 kobolds
  2 rats
25 creatures vanquished.

Notes
Turn   | Place    | Note
-------+----------+-------------------------------------------
     0 | D:1      | qw the Ghoul Enchanter began the quest for the Orb.
     0 | D:1      | Reached XP level 1. HP: 14/14 MP: 2/2
     0 | D:1      | 0 ||| qw: Version: 0.1-a-104-g96f76f8
     0 | D:1      | 0 ||| qw: Game counter: 5849
     0 | D:1      | 0 ||| qw: Always use a shield: true
     0 | D:1      | 0 ||| qw: God list: Okawaru
     0 | D:1      | 0 ||| qw: Allow faded altars: false
     0 | D:1      | 0 ||| qw: Do Orc after D:15 true
     0 | D:1      | 0 ||| qw: Do second Lair branch before Depths: true
     0 | D:1      | 0 ||| qw: Lair rune preference: random
     0 | D:1      | 0 ||| qw: Plans: Normal
     0 | D:1      | 0 ||| PLANNING D:1-11
     1 | D:1      | 1 ||| DROPPING +1 dagger.
     3 | D:1      | Noticed an electric eel
    10 | D:1      | 10 ||| DROPPING 2 potions of invisibility.
    11 | D:1      | 11 ||| Stepping randomly (stuck).
    13 | D:1      | 13 ||| Stepping randomly (stuck).
    15 | D:1      | 15 ||| Stepping randomly (stuck).
    17 | D:1      | 17 ||| Stepping randomly (stuck).
    18 | D:1      | 18 ||| Stepping randomly (stuck).
    19 | D:1      | 19 ||| Stepping randomly (stuck).
    20 | D:1      | 20 ||| Stepping randomly (stuck).
    21 | D:1      | 21 ||| Stepping randomly (stuck).
    22 | D:1      | 22 ||| Stepping randomly (stuck).
   104 | D:1      | Reached skill level 1 in Unarmed Combat
   362 | D:1      | Reached skill level 1 in Fighting
   362 | D:1      | Reached XP level 2. HP: 14/23 MP: 3/3
   539 | D:1      | Found a faded altar of an unknown god.
   906 | D:1      | 906 ||| UPGRADING to +0 leather armour.
   916 | D:1      | 916 ||| DROPPING +0 robe.
   917 | D:1      | 917 ||| UPGRADING to +0 buckler.
   922 | D:1      | 922 ||| UPGRADING to +0 plate armour.
   932 | D:1      | 932 ||| DROPPING +0 leather armour.
   933 | D:1      | 933 ||| READING 2 scrolls labelled PIUV ODUTS.
   934 | D:1      | 934 ||| READING 2 scrolls labelled SONIRU RUIMI.
   935 | D:1      | 935 ||| READING scroll labelled WEAXUF XATEIGU.
   936 | D:1      | 936 ||| READING scroll labelled HECLAC HUHAUR.
   941 | D:1      | 941 ||| DROPPING scroll of poison.
   965 | D:2      | 965 ||| STAIRDANCE
  1061 | D:2      | 1061 ||| Stepping ~*~*~tactically~*~*~ (stealth).
  1078 | D:2      | 1078 ||| Stepping ~*~*~tactically~*~*~ (stealth).
  1079 | D:2      | 1079 ||| Stepping ~*~*~tactically~*~*~ (stealth).
  1080 | D:2      | 1080 ||| Stepping ~*~*~tactically~*~*~ (stealth).
  1477 | D:2      | Reached XP level 3. HP: 28/28 MP: 4/4
  1785 | D:2      | 1785 ||| Stepping ~*~*~tactically~*~*~ (stealth).
  1989 | D:2      | 1989 ||| READING scroll labelled XEWOMP OGGUBRU.
  1990 | D:2      | 1990 ||| READING 2 scrolls of identify.
  1990 | D:2      | 1990 ||| IDENTIFYING cyan potion
  1991 | D:2      | 1991 ||| DROPPING potion of degeneration.
  2008 | D:3      | 2008 ||| STAIRDANCE
  2013 | D:2      | HP: 2/28 [orc/+0 trident (6)]
  2013 | D:2      | Slain by an orc

Levels and vault maps discovered:
D:1:      arrival_aquarium_a, layout_rooms, hellmonk_ecumenical_altar_blasted,
          feat_on_display
D:2:      layout_loops_ring, serial_forest, infiniplex_forest_zigzag_2,
          infiniplex_forest_clump_tiny, infiniplex_forest_clump_long,
          infiniplex_forest_straight_1, infiniplex_forest_lined_2
D:3:      cheibrodos_old_hovel, layout_rooms, st_stairs_10, minmay_puff,
          uniq_crazy_yiuf_cottage, uniq_natasha

Skill      XL: |  1  2 |
---------------+-------+-----
Unarmed Combat | 1 2 |  2.7
Fighting       | 1 |  1.0
Short Blades   | |  0.8
Dodging        | |  1.7
Stealth        | |  3.2
Spellcasting   | |  1.7
Hexes          | |  2.4

Action                   || total
-------------------------++-------
Melee: Unarmed           ||   122
  Use: Scroll            ||     6
Armor: Robe              ||    26
       Plate armour      ||    36
Dodge: Dodged            ||    45
Block: Buckler           ||     5

Table legend:
 A = Non-vault XP
 B = Vault XP
 C = Vault XP percentage of total XP
 D = Non-vault monster count
 E = Vault monster count
 F = Vault count percentage of total count
                 A         B        C        D         E       F
            +---------+---------+-------+---------+---------+-------
      Total |      46 |       0 |   0.0 |      25 |       0 |   0.0
            +---------+---------+-------+---------+---------+-------
        D:1 |      23 |       0 |   0.0 |      13 |       0 |   0.0
        D:2 |      23 |       0 |   0.0 |      12 |       0 |   0.0
            +---------+---------+-------+---------+---------+-------
